 Dungeon Crawl Stone Soup version 0.22-a0-785-g6253c82ace (webtiles) character file.

480430 Mirvelgyr the Slayer (level 23, -1/207 HPs)
             Began as a Minotaur Berserker on July 20, 2018.
             Was a High Priest of Trog.
             Splashed by a caustic shrike's acid (8 damage)
             ... on level 5 of the Depths.
             The game lasted 01:33:51 (39102 turns).

Mirvelgyr the Slayer (Minotaur Berserker)          Turns: 39102, Time: 01:33:51

Health: -1/207     AC: 14    Str: 21 (22) XL:     23   Next: 40%
Magic:  19/19      EV: 31    Int:  7      God:    Trog [*****.]
Gold:   3569       SH:  0    Dex: 19 (20) Spells: 22/22 levels left

rFire    . . .     SeeInvis +   P - +6 battleaxe of Wouf {vamp, rC++ Dex+2}
rCold    + + +     Gourm    .   (shield currently unavailable)
rNeg     . . .     Faith    .   y - +0 plate armour of Experimentation {rC+ MR+ Int+5}
rPois    .         Spirit   .   e - +2 hat {SInv}
rElec    .         Reflect  .   b - +2 cloak {MR+}
rCorr    .         Harm     .   t - +2 pair of gloves
MR       +++..     Rnd*Tele +   J - +2 pair of boots
Stlth    ..........             a - amulet of regeneration
HPRegen  0.84/turn              K - ring of Phasing {EV+8}
MPRegen  0.16/turn              R - +5 ring of slaying

@: corroded
A: retaliatory headbutt, horns 2, blurry vision 2, deformed body, deterioration
2, dopey 1, frail 1, low mp 1, screaming 1, teleportitis 1, weak 1, subdued
magic 2
}: 3/15 runes: decaying, serpentine, slimy
a: Berserk, Trog's Hand, Brothers in Arms, Renounce Religion


You were on level 5 of the Depths.
You worshipped Trog.
Trog was extremely pleased with you.
You were not hungry.

You visited 8 branches of the dungeon, and saw 44 of its levels.
You also visited: Labyrinth.

You collected 4499 gold pieces.
You spent 930 gold pieces at shops.

Inventory:

Hand Weapons
 D - a +7 battleaxe of chopping
 O - a +4 executioner's axe of venom
 P - the +6 battleaxe of Wouf (weapon) {vamp, rC++ Dex+2}
   (Trog gifted it to you on level 6 of the Lair of Beasts)

   It inflicts no extra harm, but heals its wielder when it wounds a living foe.
   It affects your dexterity (+2).
   It greatly protects you from cold.
 W - a +8 antimagic executioner's axe
Armour
 b - a +2 cloak of magic resistance (worn)
 e - a +2 hat of see invisible (worn)
 t - a +2 pair of gloves (worn)
 u - a +10 plate armour of ponderousness
 y - the +0 plate armour of Experimentation (worn) {rC+ MR+ Int+5}
   (You found it in a labyrinth)

   It affects your intelligence (+5).
   It protects you from cold.
   It affects your resistance to hostile enchantments.
 J - a +2 pair of boots (worn)
Jewellery
 a - an amulet of regeneration (around neck)
 m - an uncursed ring of positive energy
 r - a +5 ring of slaying
 x - an uncursed ring of protection from magic
 F - an uncursed ring of positive energy
 K - the ring of Phasing (left hand) {EV+8}
   (You found it on level 3 of the Elven Halls)

   [ring of evasion]

   It affects your evasion (+8).
 M - an uncursed ring of protection from fire
 R - a +5 ring of slaying (right hand)
 U - the ring "Nangaob" {rPois rF+ rN+}
   (You took it off a naga on level 4 of the Snake Pit)

   [ring of protection from fire]

   It protects you from fire.
   It protects you from poison.
   It protects you from negative energy.
Wands
 w - a wand of paralysis (52)
 C - a wand of digging (60)
 V - a wand of disintegration (13)
 X - a wand of flame (32)
Scrolls
 f - 3 scrolls of summoning
 h - 3 scrolls of blinking
 j - 18 scrolls of remove curse
 k - 6 scrolls of enchant armour
 l - 6 scrolls of immolation
 n - a scroll of silence
 o - a scroll of holy word
 v - 13 scrolls of teleportation
 z - 4 scrolls of magic mapping
 Q - 5 scrolls of fear
 S - 2 scrolls of fog
 T - 7 scrolls of identify
Potions
 d - 2 potions of agility
 g - 6 potions of flight
 i - 4 potions of haste
 p - 2 potions of brilliance
 s - 4 potions of ambrosia
 A - 8 potions of might
 B - 3 potions of heal wounds
 G - 3 potions of cancellation
 H - 15 potions of curing
 I - 2 potions of magic
 L - 3 potions of invisibility
 N - 6 potions of resistance
Miscellaneous
 E - a lamp of fire
Comestibles
 c - 42 rations
 q - 17 chunks of flesh


   Skills:
 + Level 24.3 Fighting
 - Level 20.5 Axes
 + Level 24.2 Armour
 + Level 23.5 Dodging


You had 22 spell levels left.
You didn't know any spells.
Your spell library was empty.

Dungeon Overview and Level Annotations

Branches:
Dungeon (15/15)            Temple (0/1) D:7            Lair (6/6) D:11
  Swamp (4/4) Lair:3        Snake (4/4) Lair:2        Slime (5/5) Lair:6
    Orc (2/2) D:9             Elf (3/3) Orc:2        Vaults (0/5) D:13
 Depths (5/5) D:15
    Zot: Depths:5

Altars:
Dithmenos
Kikubaaqudgha
Makhleb
Nemelex Xobeh
Xom
Yredelemnul
Zin
Beogh
Jiyva

Shops:
D:11 !   D:12 (   D:13 }   Orc:2 *=*([   Elf:1 (   Depths:1 *

Portals:
Hell: Depths:1 Depths:2 Depths:3 Depths:4
Abyss: Depths:2 Depths:4
Ziggurat: Depths:2

Annotations:
Snake:4 3 runed doors, kaisn's ghost, adept HOFi


Innate Abilities, Weirdness & Mutations

You reflexively headbutt those who attack you in melee.
You have a pair of horns on your head.
Scrolls take you longer to read.
Armour fits poorly on your strangely shaped body.
Your body often deteriorates upon taking damage.
You are dopey. (Int -2)
You are frail. (-10% HP)
Your magical capacity is low. (-10% MP)
You occasionally shout uncontrollably at your foes.
You are occasionally teleported next to monsters.
You are weak. (Str -2)
Your spells are easier to cast, but less powerful.


Message History

* * * LOW HITPOINT WARNING * * *
You hit the caustic shrike.
You feel better.
Your headbutt misses the caustic shrike.
The caustic shrike is almost dead.
The caustic shrike completely misses you.
You hit the caustic shrike.
You feel better.
Your headbutt misses the caustic shrike.
The caustic shrike is almost dead.
The caustic shrike barely misses you. You furiously retaliate!
You headbutt the caustic shrike, but do no damage.
The caustic shrike claws you!
* * * LOW HITPOINT WARNING * * *
You are splashed with acid!
The acid burns!
* * * LOW HITPOINT WARNING * * *
You feel much better.
The caustic shrike completely misses you.
The caustic shrike claws you!!
* * * LOW HITPOINT WARNING * * *
You are splashed with acid!
The acid burns!
You die...

.≈# ###### # .≈# .... (.
.≈# ###############
.≈#######≈≈≈≈≈≈≈≈≈≈≈≈≈≈
.≈≈≈≈≈≈≈≈≈...[.........
.......................
....###.....§..#####....
....##....§.≈..#b#.#....
....##......≈...@†......
..........§≈.....#.##$..
.........≈.§.##..# ..
.....[...≈......## ..#
................. .#
..........?......# #
...#.............#
...##.. ......## ..## ..


You could see a caustic shrike.

Vanquished Creatures
  the Royal Jelly (Slime:5)
  Mennas (Depths:4)
  Mara (Snake:3)
  3 juggernauts
  the Lernaean hydra (Swamp:4)
  Vashnia (Snake:3)
  8 caustic shrikes
  2 golden dragons
  6 liches
  A tentacled monstrosity (Depths:5)
  Jorgrun (Elf:3)
  17 acid blobs
  3 deep elf blademasters
  A sphinx (Depths:5)
  2 deep elf master archers (Elf:3)
  3 thorn hunters
  A storm dragon (Depths:2)
  11 azure jellies
  8 fire giants
  9 nagarajas
  9 frost giants
  5 tengu reavers
  4 iron dragons
  5 deep elf sorcerers
  3 orc warlords (Orc:2)
  The ghost of Brozuf the Nimble, a journeyman DEFE of Vehumet (Snake:2)
  4 deep elf elementalists
  Aizul (Swamp:3)
  2 spriggan defenders (Depths:4)
  6 very ugly things
  7 vampire knights
  16 stone giants
  6 deep elf demonologists
  8 deep elf annihilators
  Azrael (D:14)
  A minotaur (Lab)
  6 ettins
  6 fire dragons
  4 deep elf death magi
  5 yaktaur captains
  6 death oozes (Slime:5)
  6 ice dragons
  A deep elf high priest (Elf:3)
  10 great orbs of eyes
  17 naga warriors
  A rakshasa (Depths:2)
  21 hydras
  10 centaur warriors
  3 ghost crabs
  10 spriggan air magi
  9 deep troll shamans
  27 two-headed ogres
  31 dancing weapons
  Erica (D:10)
  A death knight (D:14)
  A two-headed ogre (shapeshifter) (Depths:4)
  10 alligators
  6 ogre magi
  10 anacondas
  3 orc high priests (Orc:2)
  Urug (Lair:5)
  A vampire mage (Depths:3)
  9 death yaks
  8 spriggan berserkers
  11 naga sharpshooters
  6 deep troll earth magi
  4 tengu warriors
  A titan zombie (D:15)
  11 shock serpents
  13 deep elf knights
  Nergalle (D:10)
  3 iron trolls
  A salamander mystic (Snake:4)
  5 skeletal warriors
  8 sea snakes (Snake:4)
  A death drake (shapeshifter) (Depths:1)
  7 hell knights
  A spriggan druid (Swamp:4)
  An iron troll (shapeshifter) (Depths:2)
  8 unseen horrors
  3 naga ritualists
  2 glowing orange brains
  21 deep trolls
  16 swamp dragons
  2 flayed ghosts
  12 deep elf archers
  A shambling mangrove (Swamp:3)
  2 wolf spider zombies
  A lindwurm (Lair:6)
  2 orc knights (Orc:2)
  4 necromancers
  2 phantasmal warriors (Depths:2)
  A stone giant zombie (D:15)
  3 wizards
  65 deep elf magi
  4 mana vipers
  9 shining eyes
  21 ugly things
  3 cyclopes
  3 oklob plants (Lair:6)
  4 orc sorcerers
  3 manticores
  2 salamanders (Snake:3)
  4 elephants (Lair:5)
  A centaur zombie (D:15)
  A sphinx skeleton (Depths:2)
  10 guardian serpents
  11 naga magi
  23 black mambas
  A stone giant skeleton (Depths:2)
  3 eyes of devastation
  15 spiny frogs
  11 yaktaurs
  An efreet (D:14)
  A freezing wraith (D:14)
  9 komodo dragons
  A spriggan skeleton (D:15)
  A golden dragon simulacrum (Depths:2)
  4 tengu conjurers
  A jumping spider (shapeshifter) (Elf:3)
  A queen bee (D:8)
  12 trolls
  12 hornets
  5 polar bears (Lair:6)
  A polar bear (shapeshifter) (Depths:2)
  A meliai (shapeshifter) (Depths:5)
  12 tyrant leeches
  6 bog bodies
  8 dream sheep
  An ettin zombie (D:15)
  76 slime creatures
  4 blink frogs (Lair:1)
  42 yaks
  3 redbacks (Lab)
  6 water elementals
  17 spriggans
  10 hippogriffs
  A spriggan (shapeshifter) (Elf:1)
  5 wraiths
  2 shadows
  A tarantella (shapeshifter) (Elf:1)
  An air elemental (Elf:3)
  6 fire elementals
  2 vampires
  4 wyverns
  8 golden eyes
  3 hungry ghosts
  9 vampire mosquitoes
  6 basilisks
  Menkaure (D:6)
  13 insubstantial wisps (Swamp:1)
  5 wargs
  62 nagas
  18 swamp worms
  An acid dragon (D:11)
  15 water moccasins
  A floating eye (Slime:5)
  34 orc warriors
  3 porcupines
  A black bear (D:6)
  13 swamp drakes
  2 ice beasts
  7 sky beasts
  5 phantoms
  A spriggan simulacrum (Depths:2)
  20 ogres
  2 necrophages
  6 eyes of draining
  33 wolves
  13 centaurs
  5 boggarts (Lair:6)
  8 crocodiles
  4 big kobolds
  15 bullfrogs
  6 earth elementals
  A gnoll sergeant (D:13)
  A wyvern zombie (D:13)
  A wyvern skeleton (D:10)
  6 scorpions
  25 killer bees
  11 wights
  2 troll skeletons (Lab)
  5 electric eels
  3 howler monkeys (D:9)
  13 crimson imps
  A bullfrog zombie (D:5)
  13 jellies
  22 orc priests
  Crazy Yiuf (D:6)
  3 bullfrog skeletons
  12 hounds
  29 orc wizards
  7 centaur skeletons
  6 iguanas
  10 worker ants
  A killer bee zombie (D:7)
  An ogre skeleton (Lab)
  2 hound zombies
  A hound skeleton (D:4)
  A howler monkey skeleton (D:4)
  10 gnolls
  12 adders
  2 shadow imps
  A white imp (Depths:1)
  An ooze (D:1)
  An adder zombie (D:7)
  4 adder skeletons
  6 worms
  2 dart slugs (D:1)
  7 leopard geckos
  84 orcs
  6 bats
  7 giant cockroaches
  15 hobgoblins
  13 jackals
  19 kobolds
  5 quokkas
  5 ball pythons
  4 frilled lizards
  15 goblins
  A leopard gecko zombie (D:7)
  A quokka skeleton (D:4)
  9 rats
  4 briar patches (Swamp:2)
  12 fungi
  6 plants
  A withered plant (D:15)
1740 creatures vanquished.

Vanquished Creatures (collateral kills)
  A fire giant (D:14)
  A deep elf archer (Elf:2)
  A deep elf mage (Elf:2)
  A naga mage (Snake:4)
4 creatures vanquished.

Vanquished Creatures (others)
  A spriggan defender (Depths:4)
  A spriggan druid (Swamp:4)
  A deep elf archer (Elf:3)
  A slime creature (Slime:1)
  A fire elemental (Elf:3)
  A swamp worm (Swamp:2)
  A naga (Snake:2)
  An ogre (Depths:3)
  A bat (D:1)
  A briar patch (Swamp:2)
  A bush (Lair:3)
  5 fungi
  5 plants
21 creatures vanquished.

Grand Total: 1765 creatures vanquished

Notes
Turn   | Place    | Note
-------+----------+-------------------------------------------
     0 | D:1      | Mirvelgyr the Minotaur Berserker began the quest for the Orb.
     0 | D:1      | Reached XP level 1. HP: 19/19 MP: 0/0
    68 | D:1      | Reached XP level 2. HP: 25/27 MP: 1/1
   350 | D:1      | Reached XP level 3. HP: 23/33 MP: 2/2
   779 | D:1      | Reached ** piety under Trog
   871 | D:2      | Found an ancient bone altar of Kikubaaqudgha.
  1024 | D:2      | Reached XP level 4. HP: 21/40 MP: 3/3
  1050 | D:2      | Reached skill level 5 in Axes
  1397 | D:2      | Found a shimmering altar of Xom.
  1397 | D:2      | Found a shimmering altar of Xom.
  1399 | D:2      | Found a shimmering altar of Xom.
  1400 | D:2      | Found a shimmering altar of Xom.
  1415 | D:2      | Found a shimmering altar of Xom.
  1488 | D:2      | Found a sparkling altar of Nemelex Xobeh.
  1757 | D:3      | Reached XP level 5. HP: 47/47 MP: 4/4
  2426 | D:4      | Noticed a phantom
  2431 | D:4      | Reached skill level 5 in Fighting
  2431 | D:4      | Reached XP level 6. HP: 33/56 MP: 5/5
  2450 | D:4      | Reached *** piety under Trog
  2763 | D:4      | Reached XP level 7. HP: 52/62 MP: 6/6
  2982 | D:4      | Reached skill level 5 in Armour
  3492 | D:5      | Entered Level 5 of the Dungeon
  3578 | D:5      | Found a basalt altar of Yredelemnul.
  3628 | D:5      | Reached XP level 8. HP: 55/71 MP: 7/7
  3708 | D:5      | Reached **** piety under Trog
  4012 | D:5      | Found a burning altar of Makhleb.
  4012 | D:5      | Noticed a cacodemon
  4015 | D:5      | Noticed a hellwing
  4293 | D:6      | Reached skill level 10 in Axes
  4451 | D:6      | Found a runed door.
  4573 | D:6      | Reached XP level 9. HP: 81/81 MP: 8/8
  4754 | D:6      | Noticed Crazy Yiuf
  4759 | D:6      | Killed Crazy Yiuf
  4897 | D:6      | Noticed Menkaure
  4907 | D:6      | Killed Menkaure
  5872 | D:7      | Found a staircase to the Ecumenical Temple.
  6533 | D:8      | Reached XP level 10. HP: 61/91 MP: 9/9
  6650 | D:8      | Received a gift from Trog
  6761 | D:8      | Found a glowing silver altar of Zin.
  6761 | D:8      | Noticed an angel
  7365 | D:9      | Found a shadowy altar of Dithmenos.
  7457 | D:9      | Reached skill level 10 in Fighting
  7620 | D:9      | Found a staircase to the Orcish Mines.
  7621 | D:9      | Reached ***** piety under Trog
  7628 | D:9      | Reached skill level 10 in Armour
  8111 | D:10     | Entered Level 10 of the Dungeon
  8121 | D:10     | Received a gift from Trog
  8164 | D:10     | Reached XP level 11. HP: 95/101 MP: 10/10
  8165 | D:10     | Noticed Erica
  8188 | D:10     | Killed Erica
  8262 | D:10     | Noticed Nergalle
  8272 | D:10     | Killed Nergalle
  8744 | D:10     | Found a burning altar of Makhleb.
  8871 | D:11     | Found Pair's Distillery.
  8879 | D:11     | Bought a potion of curing for 48 gold pieces
  8879 | D:11     | Bought a potion of haste for 160 gold pieces
  8879 | D:11     | Bought a potion of curing for 48 gold pieces
  8879 | D:11     | Bought a potion of heal wounds for 80 gold pieces
  8879 | D:11     | Bought a potion of agility for 64 gold pieces
  8879 | D:11     | Bought a potion of heal wounds for 80 gold pieces
  8879 | D:11     | Bought a potion of curing for 48 gold pieces
  8879 | D:11     | Bought a potion of heal wounds for 80 gold pieces
  8889 | D:11     | Noticed a two-headed ogre
  8891 | D:11     | Found a staircase to the Lair.
  8896 | D:11     | Reached skill level 15 in Axes
  8899 | D:11     | Killed a two-headed ogre
  8934 | D:11     | Killed an unseen horror
  9370 | D:11     | Killed an unseen horror
  9370 | D:11     | Reached XP level 12. HP: 109/112 MP: 11/11
  9626 | D:12     | Received a gift from Trog
  9661 | D:12     | Noticed a four-headed hydra
  9671 | D:12     | Killed a ten-headed hydra
  9738 | D:12     | Reached skill level 5 in Dodging
  9824 | D:12     | Received a gift from Trog
  9893 | D:12     | Found Bikhlin's Weapon Boutique.
 10163 | D:13     | Noticed a centaur warrior
 10174 | D:13     | Killed a centaur warrior
 10179 | D:13     | Found a gate to the Vaults.
 10220 | D:13     | Found Keung's Gadget Emporium.
 10231 | D:13     | Noticed a two-headed ogre
 10235 | D:13     | Killed a two-headed ogre
 10254 | D:13     | Found a labyrinth entrance.
 10268 | Lab      | Entered a labyrinth
 10685 | Lab      | Noticed a minotaur
 10694 | Lab      | Killed a minotaur
 10724 | Lab      | Got a translucent plate armour
 10771 | D:13     | Noticed a tengu warrior
 10778 | D:13     | Killed a tengu warrior
 10807 | D:13     | Identified the cursed +0 plate armour of Experimentation {rC+ MR+ Int+5} (You found it in a labyrinth)
 10841 | D:13     | Noticed a two-headed ogre
 10847 | D:13     | Reached skill level 10 in Dodging
 10847 | D:13     | Reached XP level 13. HP: 98/118 MP: 12/12
 10957 | D:13     | Received a gift from Trog
 11606 | D:14     | Noticed a fire giant
 11609 | D:14     | Noticed a tengu reaver
 11849 | D:14     | Received a gift from Trog
 11869 | D:14     | Got a fine battleaxe {god gift}
 11870 | D:14     | Identified the +12 battleaxe "Tattletale" {freeze, rElec} (Trog gifted it to you on level 14 of the Dungeon)
 12003 | D:14     | Noticed Azrael
 12017 | D:14     | Killed Azrael
 12117 | D:14     | Killed a tengu reaver
 12219 | D:14     | Killed a fire giant
 12256 | D:14     | Noticed a fire giant
 12351 | D:14     | Killed a fire giant
 12351 | D:14     | Reached XP level 14. HP: 126/126 MP: 13/13
 12672 | D:15     | Entered Level 15 of the Dungeon
 12758 | D:15     | Found a staircase to the Depths.
 14055 | Lair:1   | Entered Level 1 of the Lair of Beasts
 14975 | Lair:2   | Got a scintillating tin ring
 15221 | Lair:2   | Found a staircase to the Snake Pit.
 15582 | Lair:3   | Identified the cursed ring "Neusoqa" {MR- Str-2 Dex+9} (You found it on level 2 of the Lair of Beasts)
 15823 | Lair:3   | Received a gift from Trog
 15824 | Lair:3   | Found a staircase to the Swamp.
 15842 | Lair:3   | Gained mutation: You have sharp toenails. [potion of mutation]
 15842 | Lair:3   | Gained mutation: Your magical capacity is low. (-10% MP) [potion of mutation]
 15842 | Lair:3   | Gained mutation: Your spells are a little harder to cast, but a little more powerful. [potion of mutation]
 15910 | Lair:3   | You fall through a shaft!
 16074 | Lair:4   | Reached XP level 15. HP: 127/134 MP: 12/12
 16567 | Lair:5   | Noticed Urug
 16575 | Lair:5   | Killed Urug
 17304 | Lair:6   | Entered Level 6 of the Lair of Beasts
 17328 | Lair:6   | Found a staircase to the Slime Pits.
 17590 | Lair:6   | Received a gift from Trog
 17593 | Lair:6   | Got an ancient battleaxe {god gift}
 17620 | Lair:6   | Identified the +6 battleaxe of Wouf {vamp, rC++ Dex+2} (Trog gifted it to you on level 6 of the Lair of Beasts)
 18155 | Lair:6   | Received a gift from Trog
 18455 | Lair:5   | Lost mutation: You have sharp toenails. [potion of mutation]
 18455 | Lair:5   | Lost mutation: Your spells are a little harder to cast, but a little more powerful. [potion of mutation]
 18455 | Lair:5   | Lost mutation: Your magical capacity is low. (-10% MP) [potion of mutation]
 18455 | Lair:5   | Gained mutation: You are occasionally teleported next to monsters. [potion of mutation]
 18455 | Lair:5   | Gained mutation: You occasionally shout uncontrollably at your foes. [potion of mutation]
 18455 | Lair:5   | Gained mutation: Your muscles are strong. (Str +2) [potion of mutation]
 18456 | Lair:5   | Lost mutation: You occasionally shout uncontrollably at your foes. [potion of mutation]
 18456 | Lair:5   | Lost mutation: Your muscles are strong. (Str +2) [potion of mutation]
 18456 | Lair:5   | Gained mutation: Your muscles are strong. (Str +2) [potion of mutation]
 18456 | Lair:5   | Gained mutation: Your flesh is cold resistant. (rC+) [potion of mutation]
 18854 | Orc:1    | Entered Level 1 of the Orcish Mines
 18874 | Orc:1    | Received a gift from Trog
 18891 | Orc:1    | Reached ****** piety under Trog
 19121 | Orc:2    | Entered Level 2 of the Orcish Mines
 19121 | Orc:2    | Found a staircase to the Elven Halls.
 19141 | Orc:2    | Found Pyijaf's Antique Weapon Shoppe.
 19141 | Orc:2    | Noticed an orc warlord
 19153 | Orc:2    | Noticed an orc warlord
 19161 | Orc:2    | Killed an orc warlord
 19172 | Orc:2    | Killed an orc warlord
 19172 | Orc:2    | Reached skill level 15 in Dodging
 19241 | Orc:2    | Found Voih Fite's Antique Armour Emporium.
 19248 | Orc:2    | Noticed an orc warlord
 19275 | Orc:2    | Killed an orc warlord
 19461 | Orc:2    | Found Qotyg's General Store.
 19486 | Orc:2    | Bought a potion of agility for 48 gold pieces
 19486 | Orc:2    | Bought a potion of curing for 36 gold pieces
 19582 | Orc:2    | Found a roughly hewn altar of Beogh.
 19610 | Orc:2    | Found Jaanuixa's Jewellery Shop.
 19628 | Orc:2    | Reached XP level 16. HP: 147/147 MP: 15/15
 19648 | Orc:2    | Found Kodics's General Store.
 19658 | Orc:2    | Bought a scroll of teleportation for 42 gold pieces
 19658 | Orc:2    | Bought a potion of might for 56 gold pieces
 19658 | Orc:2    | Bought a potion of resistance for 140 gold pieces
 19946 | Elf:1    | Entered Level 1 of the Elven Halls
 19964 | Elf:1    | Received a gift from Trog
 20069 | Elf:1    | Reached skill level 15 in Fighting
 20153 | Elf:1    | Identified a scroll of acquirement
 20321 | Elf:1    | Found Paugisen's Weapon Shoppe.
 20325 | Elf:1    | Reached skill level 15 in Armour
 20342 | Elf:1    | Received a gift from Trog
 21136 | Elf:2    | Received a gift from Trog
 21382 | Elf:2    | Noticed a deep elf blademaster
 21398 | Elf:2    | Killed a deep elf blademaster
 21408 | Elf:2    | Reached XP level 17. HP: 115/159 MP: 16/16
 21540 | Elf:2    | Found a huge runed gate.
 21540 | Elf:2    | Found a huge runed gate.
 21540 | Elf:2    | Found a huge runed gate.
 21541 | Elf:2    | Found a huge runed gate.
 21542 | Elf:2    | Found a huge runed gate.
 21625 | Elf:2    | Received a gift from Trog
 22050 | Elf:3    | Entered Level 3 of the Elven Halls
 22073 | Elf:3    | Noticed a deep elf master archer
 22077 | Elf:3    | Noticed a deep elf blademaster
 22079 | Elf:3    | Noticed a deep elf master archer
 22087 | Elf:3    | Killed a deep elf master archer
 22087 | Elf:3    | Killed a deep elf master archer
 22089 | Elf:3    | Noticed a deep elf blademaster
 22090 | Elf:3    | Killed a deep elf blademaster
 22097 | Elf:3    | Noticed a Hell Sentinel
 22097 | Elf:3    | Killed a ghostly deep elf blademaster
 22100 | Elf:3    | Killed a deep elf blademaster
 22358 | Elf:3    | Received a gift from Trog
 22521 | Elf:3    | Noticed Jorgrun
 22534 | Elf:3    | Killed Jorgrun
 22643 | Elf:3    | Got a pitted golden ring
 22920 | Elf:3    | Found the ring of Phasing {EV+8}
 23085 | Elf:3    | Got a brightly glowing amethyst amulet
 23128 | Elf:3    | Identified the Grimoire of Air and Execration
 23209 | Elf:3    | Got a spiked plate armour
 23220 | Elf:3    | Identified the +2 plate armour of the Pirate {rC+} (You found it on level 3 of the Elven Halls)
 23771 | Swamp:1  | Entered Level 1 of the Swamp
 23773 | Swamp:1  | Identified the amulet "Qaremoink" {Spirit *Drain rC+ Str+4} (You found it on level 3 of the Elven Halls)
 23774 | Swamp:1  | Identified the ring of Zisoev {rN+ Dex+3 SInv} (You took it off a deep elf mage on level 3 of the Elven Halls)
 23786 | Swamp:1  | Reached XP level 18. HP: 166/171 MP: 17/17
 23972 | Swamp:1  | Lost mutation: Your muscles are strong. (Str +2) [a Zot trap]
 25116 | Swamp:2  | Received a gift from Trog
 25644 | Swamp:3  | Noticed Aizul
 25653 | Swamp:3  | Killed Aizul
 26349 | Swamp:4  | Entered Level 4 of the Swamp
 26693 | Swamp:4  | Received a gift from Trog
 26720 | Swamp:4  | Noticed the 27-headed Lernaean hydra
 26736 | Swamp:4  | Killed the 26-headed Lernaean hydra
 26909 | Swamp:4  | Got a decaying rune of Zot
 27104 | Snake:1  | Entered Level 1 of the Snake Pit
 28389 | Snake:2  | Reached XP level 19. HP: 121/183 MP: 18/18
 28617 | Snake:2  | Found a runed door.
 28617 | Snake:2  | Found a shimmering altar of Xom.
 28617 | Snake:2  | Noticed Brozuf's ghost (journeyman DEFE)
 28664 | Snake:2  | Killed Brozuf's ghost
 28668 | Snake:2  | Got an ichor-stained executioner's axe {chaos}
 28670 | Snake:2  | Identified the cursed +3 executioner's axe of the Many Emperors {chaos, MR- Str+5} (You subdued it on level 2 of the Snake Pit)
 28909 | Snake:3  | Noticed Vashnia
 28939 | Snake:3  | Killed Vashnia
 29193 | Snake:3  | Noticed Mara
 29195 | Snake:3  | Noticed Mirvelgyr's illusion
 29494 | Snake:3  | Noticed Mirvelgyr's illusion
 29500 | Snake:3  | Noticed Mirvelgyr's illusion
 29500 | Snake:3  | Killed Mara
 29632 | Snake:3  | Received a gift from Trog
 30195 | Snake:4  | Entered Level 4 of the Snake Pit
 30493 | Snake:4  | Got a clouded marble ring
 30739 | Snake:4  | Found a runed gate.
 30739 | Snake:4  | Noticed kaisn's ghost (adept HOFi)
 30741 | Snake:4  | Found a runed gate.
 30742 | Snake:4  | Found a runed gate.
 30978 | Snake:4  | Received a gift from Trog
 31000 | Snake:4  | Identified the ring "Nangaob" {rPois rF+ rN+} (You took it off a naga on level 4 of the Snake Pit)
 31327 | Snake:4  | Reached XP level 20. HP: 195/195 MP: 19/19
 31401 | Snake:4  | Got a serpentine rune of Zot
 31825 | Slime:1  | Entered Level 1 of the Pits of Slime
 31997 | Slime:2  | Received a gift from Trog
 32242 | Slime:3  | Received a gift from Trog
 32660 | Slime:4  | Gained mutation: Your magical capacity is low. (-10% MP) [a shining eye]
 32664 | Slime:4  | Gained mutation: Your spells are a little easier to cast, but a little less powerful. [a shining eye]
 32799 | Slime:5  | Entered Level 5 of the Pits of Slime
 32811 | Slime:5  | Lost mutation: Your flesh is cold resistant. (rC+) [a shining eye]
 32875 | Slime:5  | Gained mutation: Armour fits poorly on your strangely shaped body. [a shining eye]
 32997 | Slime:5  | Noticed the Royal Jelly
 33013 | Slime:5  | Found a viscous altar of Jiyva.
 33023 | Slime:5  | Killed the Royal Jelly
 33041 | Slime:5  | Gained mutation: Your spells are easier to cast, but less powerful. [a shining eye]
 33045 | Slime:5  | Gained mutation: Scrolls take you a little longer to read. [a shining eye]
 33051 | Slime:5  | Gained mutation: You are frail. (-10% HP) [a shining eye]
 33093 | Slime:5  | Gained mutation: You are dopey. (Int -2) [a shining eye]
 33096 | Slime:5  | Gained mutation: Your body sometimes deteriorates upon taking damage. [a shining eye]
 33099 | Slime:5  | Gained mutation: Your body often deteriorates upon taking damage. [a shining eye]
 33103 | Slime:5  | Gained mutation: You are weak. (Str -2) [a shining eye]
 33105 | Slime:5  | Gained mutation: You occasionally shout uncontrollably at your foes. [a shining eye]
 33150 | Slime:5  | Got a slimy rune of Zot
 33241 | Slime:5  | Gained mutation: Scrolls take you longer to read. [a shining eye]
 34216 | Depths:1 | Entered Level 1 of the Depths
 34577 | Depths:1 | Found a gateway to Hell.
 34582 | Depths:1 | Reached XP level 21. HP: 181/181 MP: 17/17
 34603 | Depths:1 | Received a gift from Trog
 35046 | Depths:1 | Found Heocs's Demolitions Depot.
 35453 | Depths:2 | Found a one-way gate to the infinite horrors of the Abyss.
 35793 | Depths:2 | Found a gateway to a ziggurat.
 36037 | Depths:2 | Noticed a caustic shrike
 36037 | Depths:2 | Noticed a caustic shrike
 36037 | Depths:2 | Noticed a caustic shrike
 36046 | Depths:2 | Killed a caustic shrike
 36048 | Depths:2 | Killed a caustic shrike
 36050 | Depths:2 | Killed a caustic shrike
 36077 | Depths:2 | Noticed a juggernaut
 36094 | Depths:2 | Killed a juggernaut
 36154 | Depths:2 | Noticed a caustic shrike
 36154 | Depths:2 | Noticed a caustic shrike
 36154 | Depths:2 | Noticed a caustic shrike
 36154 | Depths:2 | Noticed a golden dragon
 36167 | Depths:2 | Killed a caustic shrike
 36170 | Depths:2 | Killed a caustic shrike
 36171 | Depths:2 | Killed a caustic shrike
 36187 | Depths:2 | Killed a golden dragon
 36187 | Depths:2 | Reached XP level 22. HP: 195/195 MP: 18/18
 36194 | Depths:2 | Received a gift from Trog
 36674 | Depths:3 | Received a gift from Trog
 37131 | Depths:3 | Received a gift from Trog
 37662 | Depths:4 | Noticed Mennas
 37685 | Depths:4 | Killed Mennas
 37894 | Depths:4 | Got a pair of faintly humming boots
 37905 | Depths:4 | Identified the cursed +0 pair of boots of Gibby {Int+4} (You found it on level 4 of the Depths)
 38080 | Depths:4 | Noticed a juggernaut
 38098 | Depths:4 | Killed a juggernaut
 38098 | Depths:4 | Reached XP level 23. HP: 186/206 MP: 19/19
 38121 | Depths:4 | Found the +9 scales of the Dragon King {rPois rF+ rC+ MR+}
 38162 | Depths:4 | Received a gift from Trog
 38871 | Depths:5 | Entered Level 5 of the Depths
 38929 | Depths:5 | Noticed a juggernaut
 38937 | Depths:5 | Killed a juggernaut
 39076 | Depths:5 | Noticed a caustic shrike
 39080 | Depths:5 | Noticed a caustic shrike
 39081 | Depths:5 | Noticed a caustic shrike
 39085 | Depths:5 | Killed a caustic shrike
 39091 | Depths:5 | Killed a caustic shrike
 39102 | Depths:5 | HP: 7/207 [caustic shrike (27)]
 39102 | Depths:5 | Splashed by a caustic shrike's acid

Vault maps used:
D:1:      shiori_arrival_oz, kennysheep_pointless_box,
          hangedman_abyss_or_decor_lesser_grid
D:2:      xom_redecorated, kiku_gazebo_pond_becter, overflow_temple_1_default
D:3:      first_ration
D:4:      minmay_lizard_king
D:5:      makhleb_altar_promises_db, lemuel_doored_altar, minmay_fountain_box
D:6:      minmay_crystal_water, uniq_menkaure, uniq_crazy_yiuf_cottage
D:7:      minmay_temple_entry_grid, hex_large
D:8:      zin_angel, david_nohive_1
D:9:      erik_orc_3, nicolae_dithmenos_the_darkroom
D:10:     basic_altar, hangedman_decor_push, kennysheep_dice, uniq_erica,
          uniq_nergalle
D:11:     kennysheep_big_flooded_room, erik_lair_island, serial_shops, shop
D:12:     serial_shops, nicolae_shop_trees
D:13:     erik_vaults_1, enter_bailey_3, serial_shops, shop, lab_entry_generic
D:14:     hangedman_decor_cross_pass, minmay_diamond_spiral, uniq_azrael
D:15:     gammafunk_depths_entry_grave, minmay_misc_feat_rows
Lair:1:   serial_bayou_shore_a
Lair:2:   minmay_snake_entry_guardpost_large, minivault_24
Lair:3:   nicolae_swamp_entry_splash_gauntlet, infiniplex_staircase_pool
Lair:4:   grunt_megastairs_2
Lair:5:   uniq_urug
Lair:6:   minmay_lair_end_enchanted_forest, minmay_slime_entry_pillars,
          dpeg_oklob_1
Swamp:1:  nicolae_swamp_very_dense_foliage
Swamp:2:  hangedman_swamp_ruin_hall
Swamp:3:  serial_swamp_ruin, evilmike_swamp_ruin_house_1,
          evilmike_swamp_ruin_house_2, evilmike_swamp_ruin_house_5, swamp_pool5,
          lightli_tree_ring, uniq_aizul
Swamp:4:  swamp_old_school, swamp_pool1, hangedman_swamp_ruin_wall,
          statue_in_the_mist_lemuel
Snake:2:  ebering_ghost_xom
Snake:3:  st_stairs_13, uniq_vashnia, uniq_mara
Snake:4:  grunt_snake_rune_pools, gammafunk_ghost_split, grunt_megastairs_3,
          serial_bayou_shore_b, lemuel_fruit_tree
Slime:1:  nicolae_slime_jelly_donut
Slime:3:  uniq_donald
Slime:4:  cheibrodos_slime_lost_civilization_4
Orc:1:    nicolae_volcano_entry_two_sided
Orc:2:    grunt_orc_gardens, grunt_orc_garden, grunt_orc_garden,
          grunt_orc_garden, grunt_orc_garden, serial_shops,
          nicolae_shop_waterfront, basic_altar, nicolae_orc_damp_corner
Elf:1:    eino_elf_arrival_the_gate, serial_shops, shop, minmay_elf_sorcery
Elf:2:    minmay_strange_pillars
Elf:3:    grunt_elf_hall_diamonds, uniq_jorgrun
Depths:1: hangedman_coc_ice_floe, minmay_misc_feat_room, grunt_ministairs_9,
          minivault_11, nicolae_blasting_shop, grunt_megastairs_1
Depths:2: grunt_runaround, hell_entry, serial_shops, abyss_entry
Depths:3: minmay_the_grid_4x2, pf_dread_powers_of_hell,
          minmay_stone_trees_medium, rand_demon_pan_entry_1
Depths:4: kennysheep_large_spiral, abyss_entry, hell_entry,
          minmay_strange_pillars, infiniplex_staircase_pillars_2, uniq_mennas
Depths:5: evilmike_zot_entry_castle, minmay_strange_pillars,
          hangedman_tar_grid_catacomb, st_stairs_2
Lab:      labyrinth_mini_lab, nicolae_lab_statue, nicolae_lab_grate,
          nicolae_lab_blocks, lab_fountain, labyrinth_fake_exit,
          labyrinth_skeletal_remains, lab_statue, nicolae_lab_starburst,
          nicolae_lab_t_cross, nicolae_lab_stuck

Skill      XL: |  1  2  3  4  5  6  7  8  9 10 11 12 13 14 15 16 17 18 19 20 21 22 23 |
---------------+----------------------------------------------------------------------+-----
Axes           | 4 5 6 7 8 10 12 14 15 17 18 20 | 20.5
Fighting       | 4 5 6 7 9 10 12 14 16 17 19 20 21 22 23 24 | 24.3
Armour         | 3 4 5 7 8 10 11 12 14 16 17 19 20 21 22 23 24 | 24.2
Dodging        | 3 10 13 15 16 17 19 20 21 22 23 | 23.5

Action                   |  1- 3 |  4- 6 |  7- 9 | 10-12 | 13-15 | 16-18 | 19-21 | 22-24 || total
-------------------------+-------+-------+-------+-------+-------+-------+-------+-------++-------
Melee: Hand axe          |    81 |   144 |   362 |       |       |       |       |       ||   587
       Headbutt          |    13 |    25 |    65 |    91 |   211 |   272 |   356 |   166 ||  1199
       War axe           |       |       |    22 |   204 |       |       |       |       ||   226
       Battleaxe         |       |       |       |   279 |   901 |   954 |  1138 |   546 ||  3818
Invok: Trog's Hand       |       |     3 |     4 |    13 |    14 |    23 |    34 |    16 ||   107
       Berserk           |       |     2 |       |     6 |     7 |     3 |     7 |     2 ||    27
       Brothers in Arms  |       |       |       |       |     1 |     1 |     3 |       ||     5
  Use: Scroll            |       |       |     5 |    19 |     8 |    10 |    20 |     5 ||    67
       Potion            |       |       |       |     1 |     7 |     3 |     9 |     4 ||    24
 Stab: Distracted        |       |       |       |     1 |     1 |     2 |       |     1 ||     5
  Eat: Chunk             |       |     9 |     9 |    17 |    25 |    15 |     7 |     3 ||    85
       Ration            |       |       |     3 |     3 |     6 |     8 |    12 |     6 ||    38
Armor: Animal skin       |    12 |     1 |       |       |       |       |       |       ||    13
       Plate armour      |       |    87 |   220 |   482 |   421 |   518 |   388 |   155 ||  2271
Dodge: Dodged            |    47 |    54 |   145 |   224 |   514 |  1072 |  1326 |   546 ||  3928

Table legend:
 A = Spawn XP
 B = Non-spawn XP
 C = Spawn XP percentage of total XP
 D = Spawn monster count
 E = Non-spawn monster count
 F = Spawn count percentage of total count
 G = Total turns spent on level
                    A         B        C        D         E        F      G
               +---------+---------+-------+---------+---------+-------+---------
         Total |       0 |  901076 |   0.0 |       0 |    1717 |   0.0 | 39102
               +---------+---------+-------+---------+---------+-------+---------
           D:1 |       0 |      53 |   0.0 |       0 |      27 |   0.0 |   844
           D:2 |       0 |     127 |   0.0 |       0 |      28 |   0.0 |   876
           D:3 |       0 |     132 |   0.0 |       0 |      29 |   0.0 |   642
           D:4 |       0 |     681 |   0.0 |       0 |      30 |   0.0 |  1130
           D:5 |       0 |    1263 |   0.0 |       0 |      20 |   0.0 |   699
           D:6 |       0 |    1106 |   0.0 |       0 |      24 |   0.0 |  1552
           D:7 |       0 |    1935 |   0.0 |       0 |      33 |   0.0 |   755
           D:8 |       0 |    2263 |   0.0 |       0 |      41 |   0.0 |   857
           D:9 |       0 |    3034 |   0.0 |       0 |      46 |   0.0 |   800
          D:10 |       0 |    4898 |   0.0 |       0 |      38 |   0.0 |   786
          D:11 |       0 |    6513 |   0.0 |       0 |      43 |   0.0 |   814
          D:12 |       0 |    4130 |   0.0 |       0 |      29 |   0.0 |   569
          D:13 |       0 |   19036 |   0.0 |       0 |      57 |   0.0 |   889
          D:14 |       0 |   17253 |   0.0 |       0 |      53 |   0.0 |  1279
          D:15 |       0 |   22834 |   0.0 |       0 |      42 |   0.0 |  1327
        Lair:1 |       0 |    3942 |   0.0 |       0 |      14 |   0.0 |   803
        Lair:2 |       0 |    2210 |   0.0 |       0 |      12 |   0.0 |   872
        Lair:3 |       0 |    2957 |   0.0 |       0 |      16 |   0.0 |   497
        Lair:4 |       0 |   10296 |   0.0 |       0 |      37 |   0.0 |   664
        Lair:5 |       0 |    7325 |   0.0 |       0 |      24 |   0.0 |   896
        Lair:6 |       0 |   20846 |   0.0 |       0 |      81 |   0.0 |  1327
       Swamp:1 |       0 |    7588 |   0.0 |       0 |      27 |   0.0 |  1003
       Swamp:2 |       0 |   13121 |   0.0 |       0 |      24 |   0.0 |   641
       Swamp:3 |       0 |   21641 |   0.0 |       0 |      39 |   0.0 |   986
       Swamp:4 |       0 |   33504 |   0.0 |       0 |      51 |   0.0 |   633
       Snake:1 |       0 |    5872 |   0.0 |       0 |      12 |   0.0 |  1249
       Snake:2 |       0 |   18718 |   0.0 |       0 |      30 |   0.0 |   798
       Snake:3 |       0 |   29309 |   0.0 |       0 |      29 |   0.0 |  1353
       Snake:4 |       0 |   61888 |   0.0 |       0 |     109 |   0.0 |  1249
       Slime:1 |       0 |   11961 |   0.0 |       0 |      29 |   0.0 |   319
       Slime:2 |       0 |   13924 |   0.0 |       0 |      28 |   0.0 |   601
       Slime:3 |       0 |   11734 |   0.0 |       0 |      15 |   0.0 |   407
       Slime:4 |       0 |    6387 |   0.0 |       0 |       5 |   0.0 |   197
       Slime:5 |       0 |   51224 |   0.0 |       0 |      43 |   0.0 |   685
         Orc:1 |       0 |    2139 |   0.0 |       0 |      38 |   0.0 |   280
         Orc:2 |       0 |   15465 |   0.0 |       0 |      61 |   0.0 |   830
         Elf:1 |       0 |   36873 |   0.0 |       0 |      61 |   0.0 |  1039
         Elf:2 |       0 |   43342 |   0.0 |       0 |      59 |   0.0 |  1259
         Elf:3 |       0 |   55195 |   0.0 |       0 |      52 |   0.0 |  1343
      Depths:1 |       0 |   35237 |   0.0 |       0 |      44 |   0.0 |  1218
      Depths:2 |       0 |  119676 |   0.0 |       0 |      90 |   0.0 |  1224
      Depths:3 |       0 |   64162 |   0.0 |       0 |      67 |   0.0 |   779
      Depths:4 |       0 |   69576 |   0.0 |       0 |      50 |   0.0 |  1434
      Depths:5 |       0 |   36500 |   0.0 |       0 |      19 |   0.0 |   231
           Lab |       0 |    3206 |   0.0 |       0 |      11 |   0.0 |   466
               +---------+---------+-------+---------+---------+-------+---------
